3AAA
ALASKAN HUMPBACKS @ SCRANTON SUPERNOVAS
08/10/2024
 
TOP OF THE 1ST
Alaskan Humpbacks batting - Pitching for Scranton Supernovas : RHP R.J. Anderson
Pitching: RHP R.J. Anderson
Batting: RHB Juan García 0-0: Called Strike
0-1: Ball
1-1: Swinging Strike
1-2: Strikes out swinging
Batting: SHB Jorge Barrios 0-0: DOUBLE (Line Drive, 7LS)
Batting: RHB Roberto Escues 0-0: Ball
Jorge Barrios steals 3rd base
1-0: Foul Ball, location: 2F
1-1: Swinging Strike
1-2: Ball
2-2: Ball
3-2: Base on Balls
Batting: RHB Mal Bussard 0-0: Ball
1-0: Foul Ball, location: 2F
1-1: Ball
2-1: Foul Ball, location: 2F
2-2: Ball
3-2: Fly out, F3 (Popup, 23)
Batting: SHB Francisco Reyes 0-0: Ball
1-0: Fly out, F6 (Popup, 6)
Top of the 1st over - 0 run(s), 1 hit(s), 0 error(s), 2 left on base; Alaskan 0 - Scranton 0
BOTTOM OF THE 1ST
Scranton Supernovas batting - Pitching for Alaskan Humpbacks : RHP Quintiliano Seixal
Pitching: RHP Quintiliano Seixal
Batting: SHB Neil Nash 0-0: Ball
1-0: Called Strike
1-1: Fly out, F8 (Flyball, 8LM)
Batting: SHB Alonso Solís 0-0: Called Strike
0-1: Foul Ball, location: 2F
0-2: Strikes out looking
Batting: RHB Ethan Stanford 0-0: Swinging Strike
0-1: Ball
1-1: Swinging Strike
1-2: Ball
2-2: Foul Ball, location: 2F
2-2: DOUBLE (Line Drive, 7LS)
Batting: RHB Martín Álvarez 0-0: Ball
1-0: Fly out, F7 (Flyball, 78M)
Bottom of the 1st over - 0 run(s), 1 hit(s), 0 error(s), 1 left on base; Alaskan 0 - Scranton 0
TOP OF THE 2ND
Alaskan Humpbacks batting - Pitching for Scranton Supernovas : RHP R.J. Anderson
Batting: RHB Jared Smith 0-0: Fly out, F9 (Flyball, 9M)
Batting: LHB Gerald Holloway 0-0: Foul Ball, location: 2F
0-1: Ball
1-1: Ball
2-1: Foul Ball, location: 2F
2-2: Foul Ball, location: 2F
2-2: Strikes out looking
Batting: RHB Michael Collins 0-0: Ball
1-0: Fly out, F9 (Flyball, 89D)
Top of the 2nd over - 0 run(s), 0 hit(s), 0 error(s), 0 left on base; Alaskan 0 - Scranton 0
BOTTOM OF THE 2ND
Scranton Supernovas batting - Pitching for Alaskan Humpbacks : RHP Quintiliano Seixal
Batting: LHB Neal Hart 0-0: Ball
1-0: Ground out U3 (Groundball, 3L)
Batting: RHB Henrique Shearman 0-0: Ball
1-0: Foul Ball, location: 2F
1-1: Ball
2-1: Ground out 6-3 (Groundball, 6)
Batting: LHB Pedro López 0-0: Reached on error, E5 (Groundball, 56)
Batting: LHB Mark Evans 0-0: Ball
1-0: SINGLE (Line Drive, 56D)
Pedro López to second
Batting: RHB Chris Henderson 0-0: Called Strike
Error on foul ball, E3
Pickoff Throw to Second - Error! E1
Pedro López to third
Mark Evans to second
0-2: Fly out, F7 (Flyball, 78D)
Bottom of the 2nd over - 0 run(s), 1 hit(s), 3 error(s), 2 left on base; Alaskan 0 - Scranton 0
TOP OF THE 3RD
Alaskan Humpbacks batting - Pitching for Scranton Supernovas : RHP R.J. Anderson
Batting: RHB Rodrigo Lugo 0-0: Ball
1-0: Ball
2-0: Ground out 6-3 (Groundball, 6)
Batting: RHB Juan García 0-0: Ball
1-0: Ball
2-0: Called Strike
2-1: Foul Ball, location: 2F
2-2: DOUBLE (Flyball, 78XD)
Batting: SHB Jorge Barrios 0-0: Ball
1-0: Fly out, F9 (Flyball, 9M)
Batting: RHB Roberto Escues 0-0: TRIPLE (Flyball, 8LXD)
Juan García scores
Batting: RHB Mal Bussard 0-0: Ball
1-0: Foul Ball, location: 2F
1-1: Swinging Strike
1-2: Fly out, F9 (Flyball, 89M)
Top of the 3rd over - 1 run(s), 2 hit(s), 0 error(s), 1 left on base; Alaskan 1 - Scranton 0
BOTTOM OF THE 3RD
Scranton Supernovas batting - Pitching for Alaskan Humpbacks : RHP Quintiliano Seixal
Batting: SHB Neil Nash 0-0: Ball
1-0: Ball
2-0: Ball
3-0: Called Strike
3-1: Swinging Strike
3-2: Foul Ball, location: 2F
3-2: Base on Balls
Batting: SHB Alonso Solís 0-0: Called Strike
Neil Nash steals 2nd base
0-1: Ball
1-1: Swinging Strike
1-2: Foul Ball, location: 2F
1-2: Strikes out swinging
Batting: RHB Ethan Stanford 0-0: Called Strike
0-1: Ball
1-1: Swinging Strike
1-2: Strikes out swinging
Batting: RHB Martín Álvarez 0-0: DOUBLE (Line Drive, 7D)
Neil Nash scores
Batting: LHB Neal Hart 0-0: Called Strike
0-1: Swinging Strike
0-2: Strikes out swinging
Bottom of the 3rd over - 1 run(s), 1 hit(s), 0 error(s), 1 left on base; Alaskan 1 - Scranton 1
TOP OF THE 4TH
Alaskan Humpbacks batting - Pitching for Scranton Supernovas : RHP R.J. Anderson
Batting: SHB Francisco Reyes 0-0: Called Strike
0-1: Ball
1-1: Ball
2-1: Ball
3-1: Base on Balls
Batting: RHB Jared Smith 0-0: Foul Ball, location: 2F
0-1: Ball
1-1: Foul Ball, location: 2F
1-2: Strikes out swinging
Batting: LHB Gerald Holloway 0-0: Ball
1-0: Called Strike
1-1: Fielders Choice at 2nd, 6-4 (Groundball, 6M)
Batting: RHB Michael Collins 0-0: Ball
1-0: Foul Ball, location: 2F
1-1: Called Strike
1-2: Ball
2-2: Fly out, F9 (Flyball, 9M)
Top of the 4th over - 0 run(s), 0 hit(s), 0 error(s), 1 left on base; Alaskan 1 - Scranton 1
BOTTOM OF THE 4TH
Scranton Supernovas batting - Pitching for Alaskan Humpbacks : RHP Quintiliano Seixal
Batting: RHB Henrique Shearman 0-0: Ball
1-0: Foul Ball, location: 2F
1-1: Called Strike
1-2: Foul Ball, location: 2F
1-2: Ball
2-2: Foul Ball, location: 2F
2-2: Fly out, F8 (Flyball, 8LD)
Batting: LHB Pedro López 0-0: Ball
1-0: Swinging Strike
1-1: Foul Ball, location: 2F
1-2: Fly out, F7 (Flyball, 7LM)
Batting: LHB Mark Evans 0-0: Ball
1-0: Called Strike
1-1: Ground out 5-3 (Groundball, 56S)
Bottom of the 4th over - 0 run(s), 0 hit(s), 0 error(s), 0 left on base; Alaskan 1 - Scranton 1
TOP OF THE 5TH
Alaskan Humpbacks batting - Pitching for Scranton Supernovas : RHP R.J. Anderson
Batting: RHB Rodrigo Lugo 0-0: Reached on error, E1 (Groundball, 23)
Batting: RHB Juan García 0-0: Ball
1-0: Ball
2-0: Foul Ball, location: 2F
2-1: Foul Ball, location: 2F
2-2: Ball
3-2: Foul Ball, location: 2F
3-2: DOUBLE (Line Drive, 89D)
Rodrigo Lugo scores
Batting: SHB Jorge Barrios 0-0: Ball
1-0: Ball
2-0: Ball
3-0: Base on Balls
Batting: RHB Roberto Escues 0-0: Called Strike
0-1: Swinging Strike
0-2: Ball
1-2: Grounds into double play, U6-3 (Groundball, 6)
Juan García to third
Batting: RHB Mal Bussard 0-0: Ball
1-0: Ball
2-0: Called Strike
2-1: Ground out 4-3 (Groundball, 13)
Top of the 5th over - 1 run(s), 1 hit(s), 1 error(s), 1 left on base; Alaskan 2 - Scranton 1
BOTTOM OF THE 5TH
Scranton Supernovas batting - Pitching for Alaskan Humpbacks : RHP Quintiliano Seixal
Batting: RHB Chris Henderson 0-0: Called Strike
0-1: Foul Ball, location: 2F
0-2: Ball
1-2: Ball
2-2: Strikes out swinging
Batting: SHB Neil Nash 0-0: Ball
1-0: SINGLE (Groundball, 34D)
Batting: SHB Alonso Solís 0-0: Called Strike
Neil Nash is caught stealing 2nd base
0-1: SINGLE (Groundball, 56)
Batting: RHB Ethan Stanford 0-0: Called Strike
0-1: Foul Ball, location: 2F
0-2: Foul Ball, location: 2F
0-2: Ball
1-2: Ball
2-2: Ball
3-2: Ground out 5-3 (Groundball, 56S)
Bottom of the 5th over - 0 run(s), 2 hit(s), 0 error(s), 1 left on base; Alaskan 2 - Scranton 1
TOP OF THE 6TH
Alaskan Humpbacks batting - Pitching for Scranton Supernovas : RHP R.J. Anderson
Batting: SHB Francisco Reyes 0-0: Ball
1-0: Ball
2-0: Called Strike
2-1: Foul Ball, location: 2F
2-2: Ball
3-2: Base on Balls
Batting: RHB Jared Smith 0-0: Ball
1-0: Foul Ball, location: 2F
1-1: Ball
2-1: Called Strike
2-2: SINGLE (Groundball, 6MD)
Francisco Reyes to second
Runner from 2nd tries for 3rd, SAFE, no throw or cutoff
Batting: LHB Gerald Holloway 0-0: Swinging Strike
0-1: Swinging Strike
0-2: Ball
1-2: Strikes out swinging
Batting: RHB Michael Collins 0-0: Ball
1-0: Fly out, F4 (Popup, 34)
Batting: RHB Rodrigo Lugo 0-0: Fly out, F9 (Flyball, 9D)
Top of the 6th over - 0 run(s), 1 hit(s), 0 error(s), 2 left on base; Alaskan 2 - Scranton 1
BOTTOM OF THE 6TH
Scranton Supernovas batting - Pitching for Alaskan Humpbacks : RHP Quintiliano Seixal
Batting: RHB Martín Álvarez 0-0: Called Strike
0-1: Ball
1-1: Swinging Strike
1-2: Ball
2-2: Strikes out swinging
Batting: LHB Neal Hart 0-0: Called Strike
0-1: Ball
1-1: Foul Ball, location: 2F
1-2: Ball
2-2: SINGLE (Groundball, 5D)
Pitching: RHP Jim Unknown
Batting: RHB Henrique Shearman 0-0: Called Strike
0-1: Grounds into double play, 6-4-3 (Groundball, 6M)
Bottom of the 6th over - 0 run(s), 1 hit(s), 0 error(s), 0 left on base; Alaskan 2 - Scranton 1
TOP OF THE 7TH
Alaskan Humpbacks batting - Pitching for Scranton Supernovas : RHP R.J. Anderson
Batting: RHB Juan García 0-0: Called Strike
0-1: SINGLE (Flyball, 9S)
Batting: SHB Jorge Barrios 0-0: Bunted foul
0-1: Bunted foul
0-2: Ball
1-2: Strikes out swinging
Pinch Hitting: SHB Tony Martínez 0-0: Called Strike
0-1: Ball
1-1: Foul Ball, location: 2F
1-2: Fly out, F6 (Popup, 6D)
Batting: RHB Mal Bussard 0-0: Fly out, F9 (Flyball, 9M)
Top of the 7th over - 0 run(s), 1 hit(s), 0 error(s), 1 left on base; Alaskan 2 - Scranton 1
BOTTOM OF THE 7TH
Scranton Supernovas batting - Pitching for Alaskan Humpbacks : RHP Jim Unknown
Now at 3B: Dave O'Day
Batting: LHB Pedro López 0-0: Ball
1-0: Foul Ball, location: 2F
1-1: Called Strike
1-2: Strikes out swinging
Batting: LHB Mark Evans 0-0: Fly out, F8 (Flyball, 8LM)
Batting: RHB Chris Henderson 0-0: Foul Ball, location: 2F
0-1: Called Strike
0-2: Ball
1-2: Ball
2-2: Strikes out looking
Bottom of the 7th over - 0 run(s), 0 hit(s), 0 error(s), 0 left on base; Alaskan 2 - Scranton 1
TOP OF THE 8TH
Alaskan Humpbacks batting - Pitching for Scranton Supernovas : RHP R.J. Anderson
Batting: SHB Francisco Reyes 0-0: Ball
1-0: Ball
2-0: Foul Ball, location: 2F
2-1: Ball
3-1: Ground out 4-3 (Groundball, 34)
Pitching: RHP Cor Snel
Batting: RHB Jared Smith 0-0: Ball
1-0: Foul Ball, location: 2F
1-1: Foul Ball, location: 2F
1-2: Strikes out swinging
Batting: LHB Gerald Holloway 0-0: Called Strike
0-1: Foul Ball, location: 2F
0-2: Ball
1-2: Strikes out swinging
Top of the 8th over - 0 run(s), 0 hit(s), 0 error(s), 0 left on base; Alaskan 2 - Scranton 1
BOTTOM OF THE 8TH
Scranton Supernovas batting - Pitching for Alaskan Humpbacks : RHP Jim Unknown
Pitching: RHP Jim Unknown
Batting: SHB Neil Nash 0-0: Fly out, F8 (Line Drive, 8LM)
Batting: SHB Alonso Solís 0-0: Called Strike
0-1: Foul Ball, location: 2F
0-2: Ball
1-2: Strikes out swinging
Pitching: RHP Andrew Webster
Batting: RHB Ethan Stanford 0-0: Ball
1-0: Ball
2-0: Called Strike
2-1: Foul Ball, location: 2F
2-2: Ball
3-2: DOUBLE (Line Drive, 5L)
Batting: RHB Martín Álvarez 0-0: Ball
1-0: Ball
2-0: Called Strike
2-1: Ball
3-1: Swinging Strike
3-2: Base on Balls
Pitching: RHP Jim Unknown
Pinch Hitting: LHB Tony Vega 0-0: Ball
1-0: Swinging Strike
1-1: Ball
2-1: Ball
3-1: Base on Balls
Ethan Stanford to third
Martín Álvarez to second
Batting: RHB Henrique Shearman 0-0: Fly out, F2 (Popup, 2L)
Bottom of the 8th over - 0 run(s), 1 hit(s), 0 error(s), 3 left on base; Alaskan 2 - Scranton 1
TOP OF THE 9TH
Alaskan Humpbacks batting - Pitching for Scranton Supernovas : RHP Cor Snel
Pitching: RHP Bill Maddox
Now at 1B: Francisco Ortega
Batting: RHB Michael Collins 0-0: Ball
1-0: Called Strike
1-1: Foul Ball, location: 2F
1-2: Strikes out looking
Batting: RHB Rodrigo Lugo 0-0: SINGLE (Flyball, 8LS)
Batting: RHB Juan García 0-0: Called Strike
0-1: Foul Ball, location: 2F
0-2: Ground out U3 (Groundball, 3S)
Rodrigo Lugo to second
Batting: SHB Jorge Barrios 0-0: Fly out, F9 (Flyball, 9LM)
Top of the 9th over - 0 run(s), 1 hit(s), 0 error(s), 1 left on base; Alaskan 2 - Scranton 1
BOTTOM OF THE 9TH
Scranton Supernovas batting - Pitching for Alaskan Humpbacks : RHP Jim Unknown
Pitching: RHP Jim Unknown
Pinch Hitting: RHB Brad Jacobson 0-0: Ball
1-0: Ball
2-0: Ball
3-0: Called Strike
3-1: Base on Balls
Batting: LHB Mark Evans 0-0: Sac Bunt - play at first, batter OUT! 2-4
Brad Jacobson to second
Pinch Hitting: LHB Steven Johnson 0-0: Called Strike
0-1: Called Strike
0-2: Foul Ball, location: 2F
0-2: Ball
1-2: Foul Ball, location: 2F
1-2: Ball
2-2: Ball
Wild Pitch!
Brad Jacobson to third
3-2: Strikes out looking
Batting: SHB Neil Nash 0-0: Called Strike
0-1: Ball
1-1: Ball
2-1: Ball
3-1: Called Strike
3-2: Fly out, F9 (Flyball, 9M)
Bottom of the 9th over - 0 run(s), 0 hit(s), 0 error(s), 1 left on base; Alaskan 2 - Scranton 1
This league is powered by Out of the Park Baseball, the baseball management simulation game for PC, Mac and Linux
Monday, October 3rd, 2016 - OOTP Baseball 16.9 Build 39